 Dungeon Crawl Stone Soup version 0.31.0-11-ge490571c62 (webtiles) character file.

Game seed: 460067243527498510

6908 qw the Nimble (level 10, -1/51 HPs)
             Began as a Spriggan Hunter on Feb 3, 2024.
             Was an Elder of Okawaru.
             Killed from afar by an acid dragon (34 damage)
             ... with a splash of acid
             ... on level 10 of the Dungeon.
             The game lasted 00:00:48 (7648 turns).

qw the Nimble (Spriggan Hunter)                     Turns: 7648, Time: 00:00:48

Health: -1/51      AC:  1    Str:  7    XL:     10   Next: 79%
Magic:  15/15      EV: 29    Int: 11    God:    Okawaru [****..]
Gold:   284        SH:  0    Dex: 23    Spells: 9/9 levels left

rFire   + . .        a - +2 shortbow (chaos)
rCold   . . .        (shield currently unavailable)
rNeg    . . .        m - +2 robe {rF+}
rPois   .            (helmet restricted)
rElec   .            i - +0 cloak
rCorr   .            (gloves unavailable)
SInv    +            (boots unavailable)
Will    +....        e - amulet of regeneration
Stlth   ++           (no ring)
HPRegen 1.08/turn    (no ring)
MPRegen 0.14/turn

%: no passive effects
@: corroded, very quick
A: very small, no large weapons, unfitting armour, see invisible, speed 3
a: Renounce Religion, Heroism, Finesse


You were on level 10 of the Dungeon.
You worshipped Okawaru.
Okawaru was greatly pleased with you.
You visited 1 branch of the dungeon, and saw 10 of its levels.

You collected 680 gold pieces.
You spent 396 gold pieces at shops.


Innate Abilities, Weirdness & Mutations

You are very small and have problems with some larger weapons.
You are too small for most types of armour.
You have supernaturally acute eyesight. (SInv)
You cover ground extremely quickly. (Speed+++)


   Skills:
 + Level 4.9 Fighting
 - Level 12.0 Ranged Weapons
 - Level 12.0 Dodging
 - Level 1.5 Stealth
 + Level 5.8 Invocations


You had 9 spell levels left.
You didn't know any spells.
Your spell library was empty.

Inventory:

Hand Weapons
 a - a +2 shortbow of chaos (weapon)
Armour
 i - a +0 cloak (worn)
 m - a +2 robe of fire resistance (worn)
Jewellery
 e - an amulet of regeneration (around neck)
Wands
 f - a wand of iceblast (9)
 g - a wand of light (6)
 k - a wand of mindburst (17)
 l - a wand of polymorph (19)
Scrolls
 b - 4 scrolls of teleportation
Potions
 d - a potion of resistance
 h - a potion of might
 j - a potion of haste
 n - a potion of enlightenment
 p - a potion of mutation

Dungeon Overview and Level Annotations

Branches:
Dungeon (10/15)            Temple (0/1) D:6             Orc (0/2) D:9
   Lair: D:8-11

Altars:
Fedhas
Okawaru
Trog
Uskayaw

Shops:
D:1 *   D:2 (   D:4 *   D:8 ?*   D:9 *:

Portals:
Bailey: D:8

Annotations:
D:10 4 runed translucent doors


Message History

7509 ||| DROPPING potion of attraction.
You drop a potion of attraction.
Done exploring.
What level of the Dungeon? (default 9, ? - help)
You see here a +0 hand axe.
There is a shaft here.
You see here a water moccasin skeleton.
There is a stone staircase leading down here.
You climb downwards.
There is a stone staircase leading up here.
Waypoint 9 assigned to D:10.
Found a scroll of fog.
Found a book of Blasting.
Found a book of Armaments.
The tengu warrior shouts!
The two-headed ogre shouts in stereo!
An acid dragon comes into view.
Found a stone staircase leading up.
The acid dragon roars!
The acid dragon spits acid at you. The splash of acid misses you.
Enter note:
Enter note:
Enter note:
Enter note: You shoot an arrow.
The arrow hits the acid dragon.
The arrow burns the acid dragon.
The acid dragon is lightly wounded.
You shoot an arrow.
The arrow closely misses the acid dragon.
You shoot an arrow. The arrow hits the acid dragon!
The arrow burns the acid dragon.
The acid dragon is heavily wounded.
The acid dragon spits acid at you. The splash of acid hits you!!
The acid corrodes you!
You shoot an arrow. The arrow hits the acid dragon.
The arrow freezes the acid dragon.
The acid dragon is almost dead.
The acid dragon spits acid at you. The splash of acid hits you!!
Ouch! That really hurt!
You die...

###
#############.#
#.............#
####.###########@#
............<.D..#
####.##########..#
......# #..#
####..# #..#
####..# #..#
..^#..# #..#
##.#..# #..#
......#########..#


You could see an acid dragon (catching breath).

Vanquished Creatures
  A two-headed ogre (D:7)
  Maurice (D:7)
  Joseph (D:7)
  Prince Ribbit (D:7)
  A hornet (D:7)
  A shadow (D:9)
  A wyvern (D:8)
  Duvessa (D:7)
  2 water moccasins
  An orc warrior (D:9)
  2 ice beasts
  A sky beast (D:8)
  A black bear (D:5)
  4 ogres
  5 wolves (D:9)
  A centaur (D:9)
  3 kobold brigands
  4 gnoll sergeants
  3 scorpions
  14 wights
  Dowan (D:7)
  3 jellies
  6 killer bees (D:9)
  2 howler monkeys
  5 bombardier beetles
  10 hounds
  A gnoll bouda (D:9)
  6 orc priests
  4 iguanas (D:5)
  8 orc wizards
  25 gnolls
  8 adders
  A shadow imp (D:5)
  A white imp (D:6)
  6 ufetubi (D:5)
  5 dart slugs
  3 ribbon worms
  41 orcs
  3 bats
  5 endoplasms
  5 giant cockroaches
  7 goblins
  6 hobgoblins
  7 jackals
  20 kobolds
  3 quokkas
  8 ball pythons
  6 frilled lizards
  A rat (D:2)
256 creatures vanquished.

Vanquished Creatures (others)
  Grum (D:9)
  A killer bee (D:9)
2 creatures vanquished.

Grand Total: 258 creatures vanquished

Notes
Turn   | Place    | Note
-------+----------+-------------------------------------------
     0 | D:1      | qw the Spriggan Hunter began the quest for the Orb.
     0 | D:1      | Reached XP level 1. HP: 10/10 MP: 2/2
     0 | D:1      | 0 ||| qw: Version: 0.3-a-157-g843a77d
     0 | D:1      | 0 ||| qw: Game counter: 3802
     0 | D:1      | 0 ||| qw: Melee chars always use a shield: true
     0 | D:1      | 0 ||| qw: God list: Okawaru
     0 | D:1      | 0 ||| qw: Allow faded altars: false
     0 | D:1      | 0 ||| qw: Do Orc after clearing Dungeon:15 true
     0 | D:1      | 0 ||| qw: Do second Lair branch before Depths: true
     0 | D:1      | 0 ||| qw: Lair rune preference: random
     0 | D:1      | 0 ||| qw: Goals: Normal
     0 | D:1      | 0 ||| PLANNING D:1-11
    60 | D:1      | Reached skill level 3 in Dodging
   191 | D:1      | Reached XP level 2. HP: 14/14 MP: 3/3
   373 | D:1      | Reached XP level 3. HP: 18/18 MP: 4/4
   382 | D:1      | Found a faded altar of an unknown god.
   875 | D:1      | Found Tiefopp's Assorted Antiques.
   880 | D:1      | 880 ||| BUYING ruby potion (17 gold).
   880 | D:1      | Bought a ruby potion for 17 gold pieces
   880 | D:1      | 880 ||| BUYING scroll labelled USMUEH HIBE (19 gold).
   880 | D:1      | Bought a scroll labelled USMUEH HIBE for 19 gold pieces
   880 | D:1      | 880 ||| SHOPLISTING scroll labelled XAIQUZ MISEKHLE (19
                  | gold, have 13).
   880 | D:1      | 880 ||| SHOPLISTING scroll labelled YGHUTU ELIW (19 gold,
                  | have 13).
   880 | D:1      | 880 ||| SHOPLISTING scroll labelled ZECODU KINLI (19 gold,
                  | have 13).
   880 | D:1      | 880 ||| READING 2 scrolls labelled ZECODU KINLI.
   883 | D:1      | 883 ||| READING scroll labelled YVAB ZUNUFE.
   884 | D:1      | 884 ||| READING scroll labelled USMUEH HIBE.
   884 | D:1      | 884 ||| ENCHANTING +0 shortbow.
   885 | D:1      | 885 ||| DROPPING scroll of butterflies.
  1005 | D:2      | Reached XP level 4. HP: 7/22 MP: 5/5
  1006 | D:2      | HP: 5/22 [poisoned by an adder]
  1122 | D:2      | Found a hide-covered altar of Uskayaw.
  1574 | D:2      | Found Qumeyth's Antique Weapon Shoppe.
  1582 | D:2      | 1582 ||| SHOPLISTING runed sling (76 gold, have 52).
  1659 | D:2      | 1659 ||| READING scroll labelled LOEREU ISKOAL.
  1659 | D:2      | 1659 ||| BRANDING +0 shortbow.
  1660 | D:2      | 1660 ||| DRINKING 2 grey potions.
  1661 | D:2      | 1661 ||| DRINKING 2 cyan potions.
  1662 | D:2      | 1662 ||| DROPPING potion of degeneration.
  1873 | D:3      | Noticed a scorpion
  1878 | D:3      | Killed a scorpion
  1879 | D:3      | Reached XP level 5. HP: 17/27 MP: 6/6
  2413 | D:3      | 2413 ||| UPGRADING to amulet of regeneration.
  2418 | D:3      | 2418 ||| READING scroll labelled EWEMNU LORYAMI.
  2419 | D:3      | 2419 ||| READING scroll labelled XIAXUX NUCYS.
  2421 | D:3      | 2421 ||| Stepping ~*~*~tactically~*~*~ (cloud).
  2611 | D:4      | HP: 3/26 [wight/+3 mace (7)]
  2612 | D:4      | 2612 ||| READING 2 scrolls of teleportation.
  2613 | D:4      | 2613 ||| DRINKING potion of heal wounds.
  2648 | D:4      | Reached XP level 6. HP: 32/32 MP: 7/7
  2681 | D:4      | Reached skill level 6 in Ranged Weapons
  2833 | D:4      | Reached skill level 6 in Dodging
  2848 | D:4      | HP: 5/32 [wight/+0 great sword (17)]
  2849 | D:4      | 2849 ||| READING scroll of teleportation.
  2895 | D:4      | Found Fineck's Assorted Antiques.
  2905 | D:4      | 2905 ||| BUYING 3 scrolls labelled FUXEYTE DAIRYN (69
                  | gold).
  2905 | D:4      | Bought 3 scrolls labelled FUXEYTE DAIRYN for 69 gold pieces
  2905 | D:4      | 2905 ||| SHOPLISTING scroll labelled FUXEYTE DAIRYN (23
                  | gold, have 4).
  2905 | D:4      | 2905 ||| SHOPLISTING scroll labelled XAIQUZ MISEKHLE (23
                  | gold, have 4).
  2905 | D:4      | 2905 ||| SHOPLISTING viscous pink potion (20 gold, have 4).
  2905 | D:4      | 2905 ||| SHOPLISTING wooden wand (92 gold, have 4).
  3218 | D:4      | Reached XP level 7. HP: 11/35 MP: 8/8
  3352 | D:4      | 3352 ||| DROPPING amulet of magic regeneration.
  3353 | D:4      | 3353 ||| READING scroll labelled KOSKIA QOAB.
  3354 | D:4      | 3354 ||| READING scroll labelled XAIQUZ MISEKHLE.
  3354 | D:4      | 3354 ||| IDENTIFYING smoky brown potion
  3355 | D:4      | 3355 ||| READING 3 scrolls labelled FUXEYTE DAIRYN.
  3356 | D:4      | 3356 ||| READING scroll labelled HAMYGUEMEN.
  3357 | D:4      | 3357 ||| DROPPING potion of berserk rage.
  3358 | D:4      | 3358 ||| DROPPING 2 scrolls of blinking.
  3391 | D:5      | Entered Level 5 of the Dungeon
  3402 | D:5      | Found an iron altar of Okawaru.
  3403 | D:5      | 3403 ||| PLANNING OKAWARU WORSHIP
  3407 | D:5      | Became a worshipper of Warmaster Okawaru
  3408 | D:5      | 3408 ||| PLANNING D:1-11
  3611 | D:5      | 3611 ||| ZAPPING wand of light (7) at -1,1 (black bear;
                  | floor).
  3778 | D:5      | Reached skill level 3 in Fighting
  3874 | D:5      | Reached * piety under Okawaru
  3875 | D:5      | Reached XP level 8. HP: 40/40 MP: 9/9
  3926 | D:5      | Reached skill level 1 in Invocations
  4152 | D:5      | 4152 ||| READING 4 scrolls of identify.
  4152 | D:5      | 4152 ||| IDENTIFYING murky grey potion
  4153 | D:5      | 4153 ||| READING 3 scrolls of identify.
  4153 | D:5      | 4153 ||| IDENTIFYING orange potion
  4154 | D:5      | 4154 ||| READING 2 scrolls of identify.
  4154 | D:5      | 4154 ||| IDENTIFYING ruby potion
  4155 | D:5      | 4155 ||| READING scroll of identify.
  4155 | D:5      | 4155 ||| IDENTIFYING metallic golden potion
  4156 | D:5      | 4156 ||| READING scroll labelled QUCOIM XOFA.
  4157 | D:5      | 4157 ||| DROPPING potion of lignification.
  4158 | D:5      | 4158 ||| DROPPING potion of ambrosia.
  4198 | D:6      | 4198 ||| STAIRDANCE
  4204 | D:6      | 4204 ||| STAIRDANCE
  4424 | D:6      | 4424 ||| INVOKING Heroism.
  4428 | D:6      | Reached skill level 3 in Invocations
  4428 | D:6      | HP: 9/40 [poisoned by a kobold brigand (curare-tipped
                  | dart)]
  4433 | D:6      | HP: 9/40 [poisoned by a kobold brigand (curare-tipped
                  | dart)]
  4489 | D:6      | 4489 ||| STAIRDANCE
  4504 | D:5      | 4504 ||| DROPPING ring of wizardry.
  4505 | D:5      | 4505 ||| READING scroll of identify.
  4505 | D:5      | 4505 ||| IDENTIFYING sedimented coppery potion
  4506 | D:5      | 4506 ||| READING 3 scrolls labelled EFFIFUM TYEDEG.
  4607 | D:5      | 4607 ||| READING scroll labelled YKOEC USKA.
  4607 | D:5      | 4607 ||| ENCHANTING +0 shortbow of flaming.
  4608 | D:5      | 4608 ||| DROPPING 2 scrolls of vulnerability.
  4888 | D:6      | Reached ** piety under Okawaru
  4889 | D:6      | Reached skill level 9 in Ranged Weapons
  4907 | D:6      | Found a staircase to the Ecumenical Temple.
  5126 | D:7      | Noticed Joseph
  5127 | D:7      | 5127 ||| INVOKING Heroism.
  5136 | D:7      | HP: 10/40 [Joseph/+0 quarterstaff (18)]
  5137 | D:7      | 5137 ||| READING 2 scrolls of teleportation.
  5139 | D:7      | Killed Joseph
  5140 | D:7      | Reached skill level 9 in Dodging
  5140 | D:7      | Reached XP level 9. HP: 13/44 MP: 11/13
  5207 | D:7      | Noticed a two-headed ogre
  5208 | D:7      | 5208 ||| INVOKING Heroism.
  5221 | D:7      | Killed a two-headed ogre
  5412 | D:7      | Noticed Maurice
  5413 | D:7      | 5413 ||| INVOKING Heroism.
  5431 | D:7      | Killed Maurice
  5555 | D:7      | Noticed Duvessa
  5555 | D:7      | Noticed Dowan
  5562 | D:7      | Killed Duvessa
  5563 | D:7      | 5563 ||| INVOKING Heroism.
  5568 | D:7      | Killed Dowan
  5589 | D:7      | 5589 ||| INVOKING Heroism.
  5821 | D:7      | Noticed Prince Ribbit
  5836 | D:7      | Reached *** piety under Okawaru
  5837 | D:7      | Reached XP level 10. HP: 48/51 MP: 14/14
  5844 | D:7      | Killed Prince Ribbit
  5925 | D:7      | 5925 ||| UPGRADING to +0 cloak.
  5930 | D:7      | 5930 ||| UPGRADING to +2 robe of fire resistance.
  5940 | D:7      | 5940 ||| DROPPING +0 robe.
  5941 | D:7      | 5941 ||| READING scroll labelled ZUOPE JOSMAOZ.
  6430 | D:8      | Found a flagged portal.
  6517 | D:8      | Found The Oracle's Delphic Readings.
  6521 | D:8      | 6521 ||| BUYING scroll of enchant weapon (97 gold).
  6521 | D:8      | Bought a scroll of enchant weapon for 97 gold pieces
  6521 | D:8      | 6521 ||| READING scroll of enchant weapon.
  6521 | D:8      | 6521 ||| ENCHANTING +1 shortbow of flaming.
  6586 | D:8      | Found Taen's General Store.
  6594 | D:8      | 6594 ||| BUYING scroll of teleportation (33 gold).
  6594 | D:8      | Bought a scroll of teleportation for 33 gold pieces
  6623 | D:8      | Found a blossoming altar of Fedhas.
  6754 | D:8      | 6754 ||| READING scroll of identify.
  6754 | D:8      | 6754 ||| IDENTIFYING bubbling clear potion
  6761 | D:9      | Found Luah's Book Shop.
  6839 | D:9      | Reached skill level 12 in Dodging
  6840 | D:9      | Found a bloodstained altar of Trog.
  6889 | D:9      | 6889 ||| RETREEEEATING.
  6890 | D:9      | 6890 ||| RETREEEEATING.
  6892 | D:9      | 6892 ||| RETREEEEATING.
  6893 | D:9      | 6893 ||| RETREEEEATING.
  6894 | D:9      | 6894 ||| RETREEEEATING.
  6895 | D:9      | 6895 ||| RETREEEEATING.
  6902 | D:9      | 6902 ||| RETREEEEATING.
  6907 | D:9      | 6907 ||| RETREEEEATING.
  6912 | D:9      | 6912 ||| RETREEEEATING.
  6930 | D:9      | Reached **** piety under Okawaru
  6999 | D:9      | Found a staircase to the Orcish Mines.
  7058 | D:9      | Found Bicu's General Store.
  7062 | D:9      | 7062 ||| BUYING scroll of brand weapon (161 gold).
  7062 | D:9      | Bought a scroll of brand weapon for 161 gold pieces
  7062 | D:9      | 7062 ||| SHOPLISTING wand of light (4) (285 gold, have
                  | 224).
  7062 | D:9      | 7062 ||| READING scroll of brand weapon.
  7062 | D:9      | 7062 ||| BRANDING +2 shortbow of flaming.
  7105 | D:9      | 7105 ||| RETREEEEATING.
  7106 | D:9      | 7106 ||| RETREEEEATING.
  7107 | D:9      | 7107 ||| RETREEEEATING.
  7171 | D:9      | Noticed Grum
  7177 | D:9      | 7177 ||| INVOKING Finesse.
  7179 | D:9      | Killed Grum
  7200 | D:9      | Reached skill level 12 in Ranged Weapons
  7507 | D:9      | 7507 ||| READING 2 scrolls of identify.
  7507 | D:9      | 7507 ||| IDENTIFYING red potion
  7508 | D:9      | 7508 ||| READING scroll of identify.
  7508 | D:9      | 7508 ||| IDENTIFYING purple potion
  7509 | D:9      | 7509 ||| DROPPING potion of attraction.
  7552 | D:10     | Entered Level 10 of the Dungeon
  7586 | D:10     | Found a large runed translucent door.
  7586 | D:10     | Found a large runed translucent door.
  7592 | D:10     | Noticed a two-headed ogre
  7593 | D:10     | Noticed a manticore
  7593 | D:10     | Noticed a tengu warrior
  7599 | D:10     | Found a large runed translucent door.
  7599 | D:10     | Found a large runed translucent door.
  7648 | D:10     | Killed from afar by an acid dragon

Levels and vault maps discovered:
D:1:      dpeg_arrival_concentric_ovals, layout_basic, serial_shops,
          nicolae_shop_pleasant_corner_grove,
          hellmonk_ecumenical_altar_pennies_from_heaven,
          chequers_serial_rivers_micro_d
D:2:      layout_basic, serial_shops, shop, basic_altar, minmay_misc_feat_five,
          minmay_tetromino_i2
D:3:      layout_basic, minmay_misc_feat_doors, hangedman_feature_mirror,
          minmay_misc_feat_tiny
D:4:      layout_cave_pods, serial_shops, shop, minmay_misc_feat_roman,
          cheibrodos_gnoll_hut
D:5:      layout_basic, mainiacjoe_overflow_six_doors_small
D:6:      layout_loops_ring, nicolae_zig_zag_zippers
D:7:      layout_gridville, uniq_maurice, uniq_prince_ribbit1, uniq_joseph,
          uniq_duvessa
D:8:      layout_loops_ring, kennysheep_little_box, enter_bailey_2,
          serial_shops, nicolae_shop_temple_entry_statues_fountains,
          serial_library_hellmonk_h_bend, nicolae_nh_oracle_at_delphi
D:9:      layout_cross, general_overflow_altar, hiddenorc1_lemuel,
          serial_gnoll_camp, gnoll_camp_medium_02, gnoll_camp_mini_basic,
          gnoll_camp_mini_loothouse, gnoll_camp_mini_shop, serial_shops,
          nicolae_shop_waterfront, st_stairs_10, uniq_grum
D:10:     layout_basic, serial_glass, glass_columns_a, glass_columns_a,
          minmay_hollow_rounded_squares

Skill      XL: |  1  2  3  4  5  6  7  8  9 10 |
---------------+-------------------------------+-----
Dodging        | 3 4 5 6 7 9 11 12 | 12.0
Ranged Weapons | 5 6 8 9 10 12 | 12.0
Fighting       | 2 3 4 |  4.9
Invocations    | 4 5 |  5.8
Stealth        | |  1.5

Action                     |  1- 3 |  4- 6 |  7- 9 | 10-12 || total
---------------------------+-------+-------+-------+-------++-------
   Fire: Shortbow          |    74 |   169 |   359 |   336 ||   938
 Invoke: Heroism           |       |       |     6 |       ||     6
         Finesse           |       |       |       |     1 ||     1
  Evoke: Wand              |       |       |     1 |       ||     1
    Use: Scroll            |     3 |     5 |    13 |     6 ||    27
         Potion            |       |     3 |       |       ||     3
 Armour: Robe              |     4 |    18 |    46 |    45 ||   113
         Skin              |       |       |     6 |       ||     6
  Dodge: Dodged            |    16 |    67 |   148 |   224 ||   455

Table legend:
 A = Non-vault XP
 B = Vault XP
 C = Vault XP percentage of total XP
 D = Non-vault monster count
 E = Vault monster count
 F = Vault count percentage of total count
                 A         B        C        D         E       F
            +---------+---------+-------+---------+---------+-------
      Total |    6392 |    3477 |  35.2 |     198 |      59 |  23.0
            +---------+---------+-------+---------+---------+-------
        D:1 |      64 |       0 |   0.0 |      23 |       0 |   0.0
        D:2 |      76 |       2 |   2.6 |      21 |       1 |   4.5
        D:3 |     128 |       0 |   0.0 |      14 |       0 |   0.0
        D:4 |     473 |      99 |  17.3 |      30 |       3 |   9.1
        D:5 |     960 |       0 |   0.0 |      26 |       0 |   0.0
        D:6 |     895 |       0 |   0.0 |      32 |       0 |   0.0
        D:7 |    1685 |    1426 |  45.8 |      18 |       5 |  21.7
        D:8 |     569 |     188 |  24.8 |      15 |       2 |  11.8
        D:9 |    1542 |    1762 |  53.3 |      19 |      48 |  71.6
            +---------+---------+-------+---------+---------+-------
